 Dungeon Crawl Stone Soup version 0.18-a0-902-g8738618 (webtiles) character file.

81 Jmtri7 the Shield-Bearer (level 4, -1/37 HPs)
             Began as a Formicid Fighter on Dec 25, 2015.
             Was an Initiate of Ru.
             Slain by a gnoll
             ... wielding a +0 flail
              (5 damage)
             ... on level 3 of the Dungeon.
             The game lasted 00:04:49 (537 turns).

Jmtri7 the Shield-Bearer (Formicid Fighter)          Turns: 537, Time: 00:04:50

Health: -1/37      AC: 12    Str: 21    XL:     4   Next: 67%
Magic:  4/4        EV:  6    Int:  8    God:    Ru [......]
Gold:   54         SH:  9    Dex: 10    Spells: 0 memorised, 3 levels left

rFire  . . .     SeeInvis +     a - +0 flail
rCold  + . .     Gourm    .     d - +2 chain mail {rC+}
rNeg   . . .     Faith    .     c - +0 shield
rPois  +         Spirit   .     (helmet unavailable)
rElec  .         Dismiss  .     k - +0 cloak
rCorr  .         Reflect  .     (no gloves)
SustAt .         Harm     .     (no boots)
MR     +....                    (no amulet)
Stlth  ..........               j - ring of protection from magic
                                e - ring of poison resistance

@: somewhat resistant to hostile enchantments, extremely unstealthy
A: permanent stasis, dig shafts and tunnels, four strong arms, antennae 3
a: Dig, Shaft Self, Renounce Religion


You were on level 3 of the Dungeon.
You worshipped Ru.
Ru was noncommittal.
You were not hungry.

You visited 1 branch of the dungeon, and saw 3 of its levels.

You collected 54 gold pieces.

Inventory:

Hand Weapons
 a - a +0 flail (weapon)
Armour
 c - a +0 shield (worn)
 d - a +2 chain mail of cold resistance (worn)
 k - a +0 cloak (worn)
Jewellery
 e - a ring of poison resistance (left hand)
 j - a ring of protection from magic (right hand)
Scrolls
 h - a scroll of remove curse {unknown}
Potions
 g - a potion of heal wounds {unknown}
 i - a potion of magic {unknown}
Comestibles
 f - a bread ration


   Skills:
 + Level 4.0 Fighting
 - Level 2.0 Maces & Flails
 + Level 4.2 Armour
 + Level 4.7 Shields


You had 3 spell levels left.
You didn't know any spells.

Dungeon Overview and Level Annotations

Branches:
Dungeon (3/15)

Altars:
Qazlal
Ru

Annotations:
D:3 Robin


Innate Abilities, Weirdness & Mutations

You are under a permanent stasis effect.
You can dig through walls and to a lower floor.
Your four strong arms can wield two-handed weapons with a shield.
You have a pair of large antennae on your head (SInv).


Message History

The hobgoblin closely misses you. You block the gnoll's attack.
The gnoll completely misses you. The goblin hits you but does no damage.
A hobgoblin comes into view. It is wielding a club.
You hit the hobgoblin.
The hobgoblin is lightly wounded.
You block the gnoll's attack. You block the hobgoblin's attack.
The gnoll hits you but does no damage. The gnoll barely misses you.
The hobgoblin moves out of view.
The goblin hits you but does no damage. The gnoll hits you but does no damage.
You block the gnoll's attack. The gnoll hits you but does no damage.
The hobgoblin hits you with a club.
* * * LOW HITPOINT WARNING * * *
Robin of the Strong Arm comes into view.
She is wielding a spear.
You closely miss the hobgoblin.
The hobgoblin is lightly wounded.
Robin shouts!
The goblin hits you but does no damage. You block the gnoll's attack.
The gnoll hits you but does no damage.
The hobgoblin hits you but does no damage.
The gnoll hits you with a flail.
You die... #### . { ... .###.. g...<## #g...# +.ggg+

#.ggg#
#.gg@#
#..gg#
#....g#
....#####
##. #


You could see Robin, 3 gnolls, 3 hobgoblins and 6 goblins.

Vanquished Creatures
  Terence (D:2)
  A gnoll (D:3)
  2 adders (D:2)
  A worm (D:2)
  2 giant cockroaches
  3 hobgoblins
  5 jackals (D:2)
  2 kobolds (D:2)
  A quokka (D:2)
  5 bats
  A giant newt (D:2)
  3 goblins
  A rat (D:2)
28 creatures vanquished.

Notes
Turn   | Place    | Note
--------------------------------------------------------------
     0 | D:1      | Jmtri7 the Formicid Fighter began the quest for the Orb.
     0 | D:1      | Reached XP level 1. HP: 18/18 MP: 1/1
   231 | D:2      | Reached XP level 2. HP: 24/24 MP: 2/2
   240 | D:2      | Noticed Terence
   241 | D:2      | Reached skill level 4 in Shields
   253 | D:2      | Killed Terence
   253 | D:2      | Reached XP level 3. HP: 14/30 MP: 3/3
   295 | D:2      | Found a sacrificial altar of Ru.
   301 | D:2      | Became a worshipper of Ru the Awakened
   338 | D:2      | Reached XP level 4. HP: 22/37 MP: 4/4
   483 | D:1      | You fall through a shaft!
   503 | D:2      | Found a stormy altar of Qazlal.
   520 | D:2      | You fall through a shaft!
   537 | D:3      | Noticed Robin
   537 | D:3      | Slain by a gnoll

Vault maps used:
D:1:      minmay_arrival_widening_spiral_wide, minmay_splitting_lines,
          minmay_misc_feat_pillars, minmay_lizard_king
D:2:      marbit_many_paths, old_standard_altar, uniq_terence
D:3:      nicolae_overflow_crystal_walls, kennysheep_generic_room_9, uniq_robin,
          uniq_jessica

Action                   |  1- 3 |  4- 6 || total
-------------------------+-------+-------++-------
Melee: Flail             |    59 |    46 ||   105
 Abil: Dig               |     1 |       ||     1
       Shaft Self        |       |     2 ||     2
  Use: Potion            |     1 |       ||     1
